 Dungeon Crawl Stone Soup version 0.28-a0-779-g3d1f99b579 (webtiles) character file.

Game seed: 12442418278915550624

5 croobank the Ruffian (level 1, -1/16 HPs)
             Began as a Draconian Transmuter on Nov 2, 2021.
             Slain by a goblin (4 damage)
             ... on level 1 of the Dungeon.
             The game lasted 00:01:10 (89 turns).

croobank the Ruffian (Draconian Transmuter)           Turns: 89, Time: 00:01:11

Health: -1/16      AC:  4    Str: 12    XL:     1   Next: 66%
Magic:  1/3        EV: 12    Int: 13    God:
Gold:   0          SH:  0    Dex: 11    Spells: 3/4 levels left

rFire   . . .      SeeInvis .     - Unarmed
rCold   . . .      Faith    .   (no shield)
rNeg    . . .      Spirit   .   (armour unavailable)
rPois   .          Reflect  .   (helmet currently unavailable)
rElec   .          Harm     .   (no cloak)
rCorr   .          Rampage  .   (no gloves)
Will    .....                   (boots currently unavailable)
Stlth   +.........              (no amulet)
HPRegen 0.05/turn               (no ring)
MPRegen 0.08/turn               (no ring)

@: appendages (expiring)
A: horns 2, talons 2, AC +4, unfitting armour, cold-blooded
a: End Transformation


You were on level 1 of the Dungeon.
You had temporarily grown beastly horns and talons.
You visited 1 branch of the dungeon, and saw 1 of its levels.

Inventory:

Armour
 a - a +0 leather armour
Scrolls
 c - 2 scrolls of teleportation
Potions
 b - a potion of flight {unknown}


   Skills:
 + Level 1.1 Fighting
 + Level 1.8 Dodging
 + Level 3.2 Unarmed Combat
 + Level 2.0 Spellcasting
 + Level 2.0 Transmutations


You had 3 spell levels left.
You knew the following spells:

 Your Spells              Type           Power      Damage    Failure   Level
a - Beastly Appendage     Tmut           12%        N/A       11%         1

Your spell library contained the following spells:

 Spells                   Type           Power      Damage    Failure   Level
 Wereblood                Tmut           6%         N/A       17%         2
 Spider Form              Tmut/Pois      4%         N/A       45%         3
 Ice Form                 Ice/Tmut       4%         N/A       86%         4


Dungeon Overview and Level Annotations

Branches:
Dungeon (1/15)

Altars:


Innate Abilities, Weirdness & Mutations

You have temporarily grown beastly horns and talons.
Your plain brown scales are hard. (AC +4)
You cannot fit into any form of body armour.
You are cold-blooded and may be slowed by cold attacks.


Message History

You hit the rat.
You kill the rat!
You see here a rat corpse.
You see here a rat corpse.
c - 2 scrolls of teleportation (gained 1)
There are no items here.
Found a club.
A goblin comes into view. It is wielding a +5 dagger.
The goblin shouts!
A spectral hobgoblin comes into view.
The goblin closely misses you.
You closely miss the goblin. Your punch misses the goblin.
The goblin hits you with a +5 dagger.
You barely miss the goblin. The goblin hits you with a +5 dagger.
You closely miss the goblin.
Your tail-slap misses the goblin.
The goblin hits you with a +5 dagger.
Casting: Beastly Appendage (safe; 11% risk of failure)
Press: ? - help, Q - select action Dir - look around, f - activate You grow a pair of large bovine horns.
Your feet morph into talons.
The goblin hits you with a +5 dagger.
The spectral hobgoblin barely misses you.
Casting: Beastly Appendage (safe; 11% risk of failure)
Confirm with . or Enter, or press ? or * to list all spells.
You fail to extend your transformation any further.
The spectral hobgoblin closely misses you.
The goblin hits you with a +5 dagger.
* * * LOW HITPOINT WARNING * * *
Your transformation is almost over.
You hit the spectral hobgoblin but do no damage.
You claw the spectral hobgoblin.
You tail-slap the spectral hobgoblin, but do no damage.
The spectral hobgoblin is severely damaged.
The spectral hobgoblin closely misses you.
You hit the spectral hobgoblin but do no damage.
The spectral hobgoblin is severely damaged.
The spectral hobgoblin misses you.
You hit the spectral hobgoblin.
You destroy the spectral hobgoblin!
You closely miss the goblin. The goblin hits you with a +5 dagger.
You die...

#.###...#
#.##...#
#.##...#
#.#..## #..†..#
##.##.###
#..##...##
#..####..##
..... ##.@#
..#.#..###g###
.##..##.###...#
.. .###.......#
#. # ######..#
# #.........
#.≈≈..≈≈≈≈
#..≈#+++##
#.##.


You could see a goblin.

Vanquished Creatures
  A dart slug (D:1)
  An endoplasm (D:1)
  A rat (D:1)
  A spectral hobgoblin (D:1)
4 creatures vanquished.

Notes
Turn   | Place    | Note
-------+----------+-------------------------------------------
     0 | D:1      | croobank the Draconian Transmuter began the quest for the
                  | Orb.
     0 | D:1      | Reached XP level 1. HP: 16/16 MP: 3/3
    89 | D:1      | Slain by a goblin

Illustrated notes

Levels and vault maps discovered:
D:1:      mushboom_english_gardens, layout_rooms,
          dreamdust_ecumenical_altar_drowned_temple, minmay_misc_feat_alley

Action                   || total
-------------------------++-------
Melee: Unarmed           ||    16
       Tailslap          ||     3
       Kick              ||     1
 Cast: Beastly Appendage ||     2
  Use: Scroll            ||     1
Armor: Skin              ||     1
Dodge: Dodged            ||    12

Table legend: (Time is in decaauts)
 A = Elapsed time spent in this place.
 B = Non-inter-level travel time spent in this place.
 C = Inter-level travel time spent in this place.
 D = Time resting spent in this place.
 E = Time spent auto-exploring this place.
 F = Levels seen in this place.
 G = Mean time per level.
                   A        B        C        D        E       F      G
               +--------+--------+--------+--------+--------+-----+--------+
         Total |     88 |     88 |      0 |      3 |     32 |   1 |   88.0 |
       Dungeon |     88 |     88 |      0 |      3 |     32 |   1 |   88.0 |
               +--------+--------+--------+--------+--------+-----+--------+

Top non-repeatable levels by time:
     D:1: 88 daAuts
